 Dungeon Crawl Stone Soup version 0.22-a0-322-g60b3cfd (webtiles) character file.

21 Kairos the Covered (level 3, 29/29 HPs)
             Began as a Human Fighter on Apr 3, 2018.
             Got out of the dungeon alive.
             The game lasted 00:00:58 (943 turns).

Kairos the Covered (Human Fighter)                   Turns: 943, Time: 00:00:59

Health: 29/29      AC:  6    Str: 16    XL:     3   Next: 2%
Magic:  3/3        EV:  7    Int:  8    God:
Gold:   67         SH:  9    Dex: 13    Spells: 2/2 levels left

rFire    . . .     SeeInvis .   a - +0 war axe
rCold    . . .     Gourm    .   c - +0 shield
rNeg     . . .     Faith    .   b - +0 scale mail
rPois    .         Spirit   .   (no helmet)
rElec    .         Reflect  .   (no cloak)
rCorr    .         Harm     .   (no gloves)
MR       .....                  (no boots)
Stlth    ..........             (no amulet)
HPRegen  0.09/turn              (no ring)
MPRegen  0.08/turn              (no ring)

@: no status effects
A: no striking features
a: no special abilities


You escaped.
You were not hungry.

You visited 1 branch of the dungeon, and saw 1 of its levels.

You collected 67 gold pieces.

Inventory:

Hand Weapons
 a - a +0 war axe (weapon)
Armour
 b - a +0 scale mail (worn)
 c - a +0 shield (worn)
 g - a +0 chain mail
Scrolls
 e - 2 scrolls of fear {unknown}
 h - 3 scrolls of amnesia {unknown}
 i - 3 scrolls of identify {unknown}
 k - a scroll of remove curse {unknown}
 l - a scroll of immolation {unknown}
Potions
 d - a potion of might
 j - a potion of experience {unknown}
Comestibles
 f - 2 rations


   Skills:
 + Level 3.2 Fighting
 + Level 2.3 Axes
 + Level 3.3 Armour
 + Level 0.4 Dodging
 + Level 3.1 Shields


You had 2 spell levels left.
You didn't know any spells.

Dungeon Overview and Level Annotations

Branches:
Dungeon (1/15)

Altars:


Message History

You hit the giant cockroach.
The giant cockroach is almost dead.
The giant cockroach closely misses you.
The giant cockroach bites you but does no damage.
You block the giant cockroach's attack.
You barely miss the giant cockroach.
The giant cockroach is almost dead.
The giant cockroach barely misses you. You block the giant cockroach's attack.
You hit the giant cockroach.
You kill the giant cockroach!
You have reached level 3!
Your experience leads to an increase in your attributes!
Increase (S)trength, (I)ntelligence, or (D)exterity?
You feel agile.
Done exploring.
There is a staircase leading out of the dungeon here.
You can't go down here!
There is a staircase leading out of the dungeon here.
Are you sure you want to leave the Dungeon?
This will make you lose the game!
You have escaped!

#.## ##...###...###.........#.#
##.###.#.##.#...#.##....##.##.#
##...##.###.....###....##.##.#
##.###..##.....##...####.##.#
#.# #..............# #.##.# #.#
#......#......## #..... #.#
#.....###....## ####.#
#.###....#...#....########.#
#.#.†....#.@.#.............#
#...###.........###...######
#..#..#..#...#..#..#..#
#..[..#..#...#..#....##
###.....#..##.##..#....#
#....#.#....#.#....#.#.#
#.##.........#.........#
#.#########.....#.###..#######
#.# ##...................


There were no monsters in sight!

Vanquished Creatures
  A dart slug (D:1)
  2 leopard geckos (D:1)
  2 giant cockroaches (D:1)
  2 hobgoblins (D:1)
  4 goblins (D:1)
  2 kobolds (D:1)
  4 rats (D:1)
17 creatures vanquished.

Notes
Turn   | Place    | Note
-------+----------+-------------------------------------------
     0 | D:1      | Kairos the Human Fighter began the quest for the Orb.
     0 | D:1      | Reached XP level 1. HP: 18/18 MP: 1/1
   471 | D:1      | Reached XP level 2. HP: 21/24 MP: 2/2
   812 | D:1      | Reached XP level 3. HP: 25/29 MP: 3/3
   943 | D:$      | Got out of the dungeon alive.

Vault maps used:
D:1:      erik_arrival_blinker_ship, minivault_14, minmay_cupped

Action                   || total
-------------------------++-------
Melee: War axe           ||    58
Armor: Chain mail        ||    19
       Scale mail        ||    13
Dodge: Dodged            ||    24
Block: Shield            ||    32

Table legend:
 A = Spawn XP
 B = Non-spawn XP
 C = Spawn XP percentage of total XP
 D = Spawn monster count
 E = Non-spawn monster count
 F = Spawn count percentage of total count
 G = Total turns spent on level
                    A         B        C        D         E        F      G
               +---------+---------+-------+---------+---------+-------+---------
         Total |       0 |      30 |   0.0 |       0 |      17 |   0.0 |   943
               +---------+---------+-------+---------+---------+-------+---------
           D:1 |       0 |      30 |   0.0 |       0 |      17 |   0.0 |   943
               +---------+---------+-------+---------+---------+-------+---------
